 Dungeon Crawl Stone Soup version 0.30-a0-718-geaa24f58ff (webtiles) character file.

Game seed: 9026566905227018329

7 Arximoufas the Trooper (level 1, 0/18 HPs)
             Began as a Demonspawn Berserker on Jan 25, 2023.
             Was a Follower of Trog.
             Frozen to death by an endoplasm (5 damage)
             ... on level 1 of the Dungeon.
             The game lasted 00:00:40 (110 turns).

Arximoufas the Trooper (Demonspawn Berserker)        Turns: 110, Time: 00:00:40

Health: 0/18       AC:  3    Str: 17    XL:     1   Next: 83%
Magic:  1/1        EV: 11    Int:  8    God:    Trog [*.....]
Gold:   15         SH:  0    Dex: 12    Spells: 0/0 levels left

rFire   . . .      SeeInvis .    a - +0 hand axe
rCold   . . .      Faith    .    (no shield)
rNeg    . . .      Spirit   .    c - +0 leather armour
rPois   .          Reflect  .    (no helmet)
rElec   .          Harm     .    (no cloak)
rCorr   .          Rampage  .    (no gloves)
Will    .....                    (no boots)
Stlth   +                        (no amulet)
HPRegen 0.23/turn                (no ring)
MPRegen 0.07/turn                (no ring)

@: lethally poisoned (0 -> -3)
A: no striking features
a: Renounce Religion, Berserk


You were on level 1 of the Dungeon.
You worshipped Trog.
Trog was aware of your devotion.
You visited 1 branch of the dungeon, and saw 1 of its levels.

You collected 15 gold pieces.

Inventory:

Hand Weapons
 a - a +0 hand axe (weapon)
Armour
 c - a +0 leather armour (worn)


   Skills:
 + Level 3.1 Fighting
 * Level 3.0 Axes
 - Level 1.7 Armour
 - Level 1.7 Dodging


You couldn't memorise any spells.
You didn't know any spells.
Your spell library was empty.

Dungeon Overview and Level Annotations

Branches:
Dungeon (1/15)

Altars:


Message History

A goblin comes into view. It is wielding a +0 club.
The dart slug bites you.
The goblin shouts!
You slash the dart slug!
You kill the dart slug!
Trog accepts your kill. The bat hits you but does no damage.
An endoplasm comes into view.
The kobold throws a stone.
The stone closely misses you.
You hit the bat.
You kill the bat!
Trog accepts your kill.
The kobold throws a stone.
The stone hits you.
You hit the kobold.
The kobold is heavily wounded.
The kobold hits you but does no damage.
You are poisoned.
You hit the kobold.
You kill the kobold!
Trog accepts your kill.
You barely miss the goblin.
You feel sick. The goblin closely misses you.
Your Axes skill increases to level 3!
You closely miss the goblin.
You feel sick. The goblin closely misses you.
You hit the endoplasm.
The endoplasm is heavily wounded.
You closely miss the goblin.
You feel sick. The goblin closely misses you. The endoplasm misses you.
You are too injured to fight recklessly!
You are too injured to fight recklessly!
You are too injured to fight recklessly!
You are too injured to fight recklessly!
You hit the endoplasm but do no damage.
The endoplasm is heavily wounded.
You closely miss the goblin.
You feel sick. The goblin hits you with a +0 club. The endoplasm freezes you.
You are frozen.
* * * LOW HITPOINT WARNING * * *
The endoplasm freezes you.
You are frozen.
You die...

....................
..##.........#####.###.
.............# #.....
..........(.# #####.
#...!......### ##.
#............######..
..##.........$#........#
.........^.......#######
......J@._^...#.##
.##...g†..^.###.#
...........## #.#
......##...# #.. .....#
##### ##. ..... . #...
#...


You could see an endoplasm and a goblin.

Vanquished Creatures
  A dart slug (D:1)
  A kobold (D:1)
  A ball python (D:1)
  A bat (D:1)
  A goblin (D:1)
  A rat (D:1)
6 creatures vanquished.

Notes
Turn   | Place    | Note
-------+----------+-------------------------------------------
     0 | D:1      | Arximoufas the Demonspawn Berserker began the quest for the
                  | Orb.
     0 | D:1      | Reached XP level 1. HP: 18/18 MP: 1/1
    91 | D:1      | Found a faded altar of an unknown god.
   110 | D:1      | Frozen to death by an endoplasm

Illustrated notes

Levels and vault maps discovered:
D:1:      scummos_arrival_checkerplants, layout_rooms,
          ebering_ecumenical_altar_webs

Skill      XL: |  1 |
---------------+----+-----
Axes           | 3 |  3.0
Fighting       | |  3.1
Armour         | |  1.7
Dodging        | |  1.7

Action                     || total
---------------------------++-------
  Melee: Hand axe          ||    12
   Stab: Held in net/web   ||     1
 Armour: Leather armour    ||     2
  Dodge: Dodged            ||     6

Table legend: (Time is in decaauts)
 A = Elapsed time spent in this place.
 B = Non-inter-level travel time spent in this place.
 C = Inter-level travel time spent in this place.
 D = Time resting spent in this place.
 E = Time spent auto-exploring this place.
 F = Levels seen in this place.
 G = Mean time per level.
                   A        B        C        D        E       F      G
               +--------+--------+--------+--------+--------+-----+--------+
         Total |    111 |    111 |      0 |      0 |     63 |   1 |  111.0 |
       Dungeon |    111 |    111 |      0 |      0 |     63 |   1 |  111.0 |
               +--------+--------+--------+--------+--------+-----+--------+

Top non-repeatable levels by time:
     D:1: 111 daAuts
